 Dungeon Sprint DCSS version 0.30-a0-948-g4fa250aae5 (webtiles) character file.

Game seed: 9713785019876021434

26993 rocky1 the Earth Mage (level 11, 0/58 HPs)
             Began as a Deep Elf Earth Elementalist on Mar 27, 2023.
             Was the Champion of Sif Muna.
             Slain by Rupert
             ... wielding a +3 great sword of freezing
              (20 damage)
             ... in the Dungeon (Sprint III: "The Ten Rune Challenge").
             The game lasted 00:19:09 (4028 turns).

rocky1 the Earth Mage (Deep Elf Earth Elementalist) Turns: 4028, Time: 00:19:10

Health: 0/58       AC: 10    Str:  5    XL:     11   Next: 82%
Magic:  15/33      EV: 11    Int: 25    God:    Sif Muna [******]
Gold:   1710       SH:  0    Dex: 15    Spells: 19/43 levels left

rFire   + . .      SeeInvis .    q - +2 long sword (holy)
rCold   . . .      Faith    .    (no shield)
rNeg    . . .      Spirit   .    w - +3 leather armour {rF+}
rPois   .          Reflect  .    (no helmet)
rElec   .          Rampage  .    j - +0 cloak
rCorr   .          NoTele   +    h - +2 pair of gloves
Will    +....                    (no boots)
Stlth   ++                       (no amulet)
HPRegen 0.29/turn                (no ring)
MPRegen 0.23/turn                (no ring)

@: no status effects
A: no striking features
}: 1/10 runes: barnacled
a: Renounce Religion, Channel Magic, Forget Spell, Divine Exegesis


You were in the Dungeon.
You worshipped Sif Muna.
Sif Muna was exalted by your worship.
You visited 1 branch You collected 2742 gold pieces.
You spent 1032 gold pieces at shops.

Inventory:

Hand Weapons
 q - a +2 long sword of holy wrath (weapon)
 t - a +2 short sword of venom
Armour
 a - a +0 robe
 h - a +2 pair of gloves (worn)
 j - a +0 cloak (worn)
 u - a +0 leather armour
 v - an orb of energy
 w - a +3 leather armour of fire resistance (worn)
Wands
 i - a wand of polymorph (6)
Scrolls
 k - a scroll of torment {unknown}
 l - a scroll of poison {unknown}
 n - a scroll of immolation {unknown}
 o - 2 scrolls of identify
Potions
 b - 3 potions of magic
 c - 2 potions of curing
 d - 4 potions of heal wounds
 e - 2 potions of haste
 f - 2 potions of berserk rage
 g - a potion of brilliance
 m - 3 potions of flight
 p - 7 potions of mutation
 r - 2 potions of might
Miscellaneous
 s - a tin of tremorstones (2/2)


   Skills:
 + Level 2.5 Fighting
 + Level 0.0 Armour
 + Level 2.4 Dodging
 - Level 2.4 Stealth
 + Level 16.7 Spellcasting
 * Level 18.0 Conjurations
 + Level 7.7 Transmutations
 * Level 19.6 Earth Magic
 - Level 8.9 Invocations
 + Level 5.9 Evocations


You had 19 spell levels left.
You knew the following spells:

 Your Spells              Type           Power      Damage    Failure   Level
a - Sandblast             Erth           100%       2d20      0%          1
b - Stone Arrow           Conj/Erth      100%       3d13      0%          3
c - Lehudib's Crystal Sp  Conj/Erth      43%        10d10     12%         8
d - Iron Shot             Conj/Erth      43%        9d8       1%          6
e - Statue Form           Tmut/Erth      48%        N/A       2%          6

Your spell library contained the following spells:

 Spells                   Type           Power      Damage    Failure   Level
 Magic Dart               Conj           100%       1d8       0%          1
 Beastly Appendage        Tmut           100%       N/A       1%          1
 Foxfire                  Conj/Fire      100%       2x1d9     1%          1
 Kiss of Death            Conj/Necr      100%       2d13      1%          1
 Shock                    Conj/Air       100%       1d9       1%          1
 Sting                    Tmut/Pois      100%       1d8       1%          1
 Momentum Strike          Conj/Tloc      100%       3d10      1%          2
 Passwall                 Tmut/Erth      60%        N/A       1%          2
 Static Discharge         Conj/Air       100%       2-7/arc   1%          2
 Wereblood                Tmut           56%        N/A       1%          2
 Dazzling Flash           Conj/Hex       100%       N/A       1%          3
 Mephitic Cloud           Conj/Pois/Air  50%        N/A       1%          3
 Animate Armour           Summ/Erth      100%       N/A       1%          4
 Flame Wave               Conj/Fire      60%        2d14      1%          4
 Fulminant Prism          Conj/Hex       30%        3d15      1%          4
 Leda's Liquefaction      Hex/Erth       31%        N/A       1%          4
 Petrify                  Tmut/Erth      73%        N/A       1%          4
 Borgnjor's Vile Clutch   Necr/Erth      31%        N/A       1%          5
 Iskenderun's Battlesphe  Conj           84%        2d13      1%          5
 Fireball                 Conj/Fire      30%        3d13      2%          5
 Orb of Destruction       Conj           42%        9d12      2%          7
 Slow                     Hex            80%        N/A       4%          1
 Blade Hands              Tmut           28%        N/A       4%          5
 Cigotuvi's Dreadful Rot  Necr/Pois/Air  40%        N/A       6%          2
 Poisonous Vapours        Pois/Air       40%        N/A       6%          2
 Ice Form                 Ice/Tmut       40%        N/A       9%          4
 Freezing Cloud           Conj/Ice/Air   25%        6-21      10%         5
 Confusing Touch          Hex            20%        N/A       12%         3
 Portal Projectile        Hex/Tloc       40%        N/A       12%         3
 Conjure Ball Lightning   Conj/Air       30%        3x3d10    16%         6
 Starburst                Conj/Fire      30%        6d9       16%         6
 Yara's Violent Unravell  Hex/Tmut       20%        3d9       24%         5
 Airstrike                Air            10%        2d(2-18)  38%         4
 Silence                  Hex/Air        10%        N/A       75%         5
 Summon Mana Viper        Hex/Summ       20%        N/A       75%         5
 Eringya's Noxious Bog    Tmut/Pois      20%        N/A       78%         6
 Shatter                  Erth           43%        3d34*     78%         9
 Dragon Form              Tmut           28%        N/A       83%         7
 Discord                  Hex            10%        N/A       100%        8
 Maxwell's Capacitive Co  Air            10%        ∞         100%        8
 Fire Storm               Conj/Fire      30%        8d8       100%        9


Dungeon Overview and Level Annotations

Branches:
Dungeon (1/1)

Altars:
Cheibriados
Dithmenos
Elyvilon
Fedhas
Gozag
Hepliaklqana
Kikubaaqudgha
Makhleb
Nemelex Xobeh
Okawaru
Qazlal
Ru
Sif Muna
Trog
Uskayaw
Vehumet
Wu Jian
Xom
Yredelemnul
Zin
The Shining One
Jiyva
Lugonu

Shops:
D [[!=

Annotations:
D Rupert


Message History

You enter the shallow water.
Moving in this stuff is going to be slow.
You open the door.
Rupert the Wild comes into view.
He is wielding a +3 great sword of freezing.
There is an open door here.
Okay, then.
Aiming: Lehudib's Crystal Spear
Press: ? - help, Shift-Dir - straight line, f - Rupert
Aim: Rupert, wielding a +3 great sword of freezing and wearing a +0 scale mail (asleep, 100% to hit)
You fail to use your ability.
Rupert shouts!
Unknown command.
Aiming: Iron Shot (dangerous; 1% risk of failure)
Press: ? - help, Q - select action, (/) - cycle Shift-Dir - straight line, f/p - Rupert
Aim: Rupert, wielding a +3 great sword of freezing and wearing a +0 scale mail (79% to hit)
The iron shot hits Rupert!!
Rupert is moderately wounded.
Rupert roars madly and goes into a rage!
Rupert goes berserk!
Aiming: Iron Shot (dangerous; 1% risk of failure)
Press: ? - help, Q - select action, (/) - cycle Shift-Dir - straight line, f/p - Rupert
Aim: Rupert, wielding a +3 great sword of freezing and wearing a +0 scale mail (moderately wounded, berserk, 79% to hit)
Okay, then.
Okay, then.
Okay, then.
Aiming: Iron Shot (dangerous; 1% risk of failure)
Press: ? - help, Q - select action, (/) - cycle Shift-Dir - straight line, f/p - Rupert
Aim: Rupert, wielding a +3 great sword of freezing and wearing a +0 scale mail (moderately wounded, berserk, 79% to hit)
The iron shot hits Rupert!!
Rupert is heavily wounded.
Rupert hits you with a +3 great sword of freezing!!
Rupert freezes you!
Unknown command.
Aiming: Iron Shot (dangerous; 1% risk of failure)
Press: ? - help, Q - select action, (/) - cycle Shift-Dir - straight line, f/p - Rupert
Aim: Rupert, wielding a +3 great sword of freezing and wearing a +0 scale mail (heavily wounded, berserk, 79% to hit)
The iron shot hits Rupert!!
Rupert is heavily wounded.
Rupert hits you with a +3 great sword of freezing!!
You die...

#..# #..#####....#___#__'.
▓▓▓▓▓▓▓▓▓▓▓▓▓▓▓▓▓▓▓▓▓▓▓▓▓▓
+~≈~~≈≈≈~≈♣♣.....♣♣♣♣~
#~≈§§~§~≈~♣♣.≈≈≈≈'♣♣'♣
#.~§§§§~.≈†'....÷#.~♣♣
#≈≈~§§§~≈≈♣♣♣♣♣♣♣#..♣♣
#~≈≈~~≈§≈~♣ ###'♣
##+####'#######♣ ♣♣♣♣.#
........@@.....♣ ♣...##
#+#############+ ♣♣.##.
♣..#. ♣♣.## ♣♣.## ♣....
#####


You could see Rupert (berserk).

Vanquished Creatures
  A kraken (D)
  Erolcha (D)
  2 hydras (D)
  An alligator snapping turtle (D)
  Urug (D)
  A death drake (D)
  A lindwurm (D)
  A deep elf pyromancer (D)
  An orc sorcerer (D)
  2 cane toads (D)
  A rime drake (D)
  A komodo dragon (D)
  3 wandering mushrooms (D)
  A queen bee (D)
  2 tyrant leeches (D)
  5 snapping turtles (D)
  5 blink frogs (D)
  A shadow (D)
  5 redbacks (D)
  A spatial vortex (D)
  2 orc warriors (D)
  A swamp drake (D)
  5 two-headed ogres (D)
  A necrophage (D)
  A water elemental (D)
  32 killer bees (D)
  An electric eel (D)
  A jelly (D)
  Crazy Yiuf (D)
  2 orc priests (D)
  Jessica (D)
  A wizard (D)
  A necromancer (D)
  2 orc wizards (D)
  3 humans (D)
  A kobold demonologist (D)
  10 orcs (D)
  An endoplasm (D)
  A frilled lizard (D)
  A rat (D)
  2 tentacles (D)
108 creatures vanquished.

Vanquished Creatures (others)
  2 plants (D)
  13 tentacles (D)
15 creatures vanquished.

Grand Total: 123 creatures vanquished

Notes
Turn   | Place    | Note
-------+----------+-------------------------------------------
     0 | D        | rocky1 the Deep Elf Earth Elementalist began the quest for
                  | the Orb.
     0 | D        | Reached XP level 1. HP: 10/10 MP: 6/6
     9 | D        | Reached skill level 4 in Earth Magic
    49 | D        | Noticed Jessica
    53 | D        | Killed Jessica
    54 | D        | Reached skill level 7 in Earth Magic
    54 | D        | Reached XP level 2. HP: 15/15 MP: 5/8
   102 | D        | Noticed Crazy Yiuf
   108 | D        | Killed Crazy Yiuf
   109 | D        | Reached skill level 8 in Earth Magic
   109 | D        | Reached XP level 3. HP: 19/19 MP: 5/9
   112 | D        | Reached skill level 9 in Earth Magic
   112 | D        | Reached XP level 4. HP: 13/24 MP: 3/10
   411 | D        | Learned a level 3 spell: Stone Arrow
   414 | D        | Noticed a water elemental
   417 | D        | Killed a water elemental
   418 | D        | Reached skill level 10 in Earth Magic
   449 | D        | Found a radiant altar of Vehumet.
   449 | D        | Found a shimmering blue altar of Sif Muna.
   449 | D        | Found an ancient bone altar of Kikubaaqudgha.
   449 | D        | Noticed a wizard
   450 | D        | Killed a wizard
   451 | D        | Reached skill level 5 in Spellcasting
   451 | D        | Reached XP level 5. HP: 28/28 MP: 11/14
   452 | D        | Reached skill level 11 in Earth Magic
   488 | D        | Became a worshipper of Sif Muna the Loreminder
   500 | D        | Found a glowing silver altar of Zin.
   500 | D        | Found a glowing golden altar of the Shining One.
   500 | D        | Found a white marble altar of Elyvilon.
   500 | D        | Noticed a deep elf pyromancer
   504 | D        | Killed a deep elf pyromancer
   505 | D        | Reached skill level 13 in Earth Magic
   505 | D        | Reached skill level 5 in Invocations
   505 | D        | Reached XP level 6. HP: 30/32 MP: 3/19
   505 | D        | Reached XP level 7. HP: 34/36 MP: 3/21
   611 | D        | Found a hide-covered altar of Uskayaw.
   611 | D        | Found an iron altar of Okawaru.
   611 | D        | Found a bloodstained altar of Trog.
   611 | D        | Found an ornate altar of the Wu Jian Council.
   611 | D        | Noticed a human
   611 | D        | Noticed a human
   613 | D        | Killed a human
   615 | D        | Killed a human
   615 | D        | Reached * piety under Sif Muna
   616 | D        | Reached skill level 14 in Earth Magic
   689 | D        | Found a basalt altar of Yredelemnul.
   689 | D        | Found a shadowy altar of Dithmenos.
   689 | D        | Found a sacrificial altar of Ru.
   726 | D        | Reached ** piety under Sif Muna
   726 | D        | Noticed a shadow
   728 | D        | Killed a shadow
   729 | D        | Reached skill level 10 in Spellcasting
   729 | D        | Reached XP level 8. HP: 41/41 MP: 14/24
   887 | D        | Found a blossoming altar of Fedhas.
   887 | D        | Found a stormy altar of Qazlal.
   887 | D        | Found a snail-covered altar of Cheibriados.
   887 | D        | Found a burning altar of Makhleb.
   887 | D        | Found a shimmering altar of Xom.
   888 | D        | Found a hazy altar of Hepliaklqana.
   888 | D        | Found an opulent altar of Gozag.
   888 | D        | Found a sparkling altar of Nemelex Xobeh.
   888 | D        | Found a corrupted altar of Lugonu.
   888 | D        | Found a viscous altar of Jiyva.
   892 | D        | Reached skill level 1 in Evocations
   949 | D        | Reached *** piety under Sif Muna
  1078 | D        | Noticed a two-headed ogre
  1082 | D        | Killed a two-headed ogre
  1083 | D        | Reached skill level 10 in Conjurations
  1157 | D        | Found Zajoa's Armour Boutique.
  1157 | D        | Noticed an orc sorcerer
  1160 | D        | Reached **** piety under Sif Muna
  1160 | D        | Reached ***** piety under Sif Muna
  1160 | D        | Received a gift from Sif Muna
  1162 | D        | Reached skill level 1 in Fighting
  1162 | D        | Reached XP level 9. HP: 35/47 MP: 26/26
  1162 | D        | Killed an orc sorcerer
  1163 | D        | Reached skill level 5 in Evocations
  1210 | D        | Got Sif Muna's Writings on Damage {god gift}
  1387 | D        | Learned a level 8 spell: Lehudib's Crystal Spear
  1394 | D        | Noticed Erolcha
  1395 | D        | Noticed a two-headed ogre
  1399 | D        | Killed a two-headed ogre
  1402 | D        | Killed Erolcha
  1402 | D        | Received a gift from Sif Muna
  1403 | D        | Reached skill level 15 in Earth Magic
  1405 | D        | Got Qiequx's Compendium of the Xenomorphic Snake {god gift}
  1546 | D        | Noticed a wandering mushroom
  1553 | D        | Killed a wandering mushroom
  1554 | D        | Noticed a wandering mushroom
  1556 | D        | Noticed a wandering mushroom
  1559 | D        | Killed a wandering mushroom
  1560 | D        | Reached XP level 10. HP: 54/54 MP: 15/29
  1707 | D        | Received a gift from Sif Muna
  1707 | D        | Reached ****** piety under Sif Muna
  1707 | D        | Received a gift from Sif Muna
  1708 | D        | Reached skill level 16 in Earth Magic
  1790 | D        | Received a gift from Sif Muna
  2042 | D        | Got Sif Muna's Precepts of Unlucky Detritus {god gift}
  2042 | D        | Got Xudoe's Book of the Brume {god gift}
  2042 | D        | Got Sif Muna's Further Steps in Theurgy {god gift}
  2059 | D        | Learned a level 6 spell: Iron Shot
  2066 | D        | Learned a level 6 spell: Statue Form
  2091 | D        | Noticed a cane toad
  2091 | D        | Noticed a cane toad
  2093 | D        | Killed a cane toad
  2094 | D        | Reached skill level 15 in Conjurations
  2094 | D        | Reached skill level 17 in Earth Magic
  2095 | D        | Killed a cane toad
  2095 | D        | Received a gift from Sif Muna
  2254 | D        | Noticed a lindwurm
  2255 | D        | Killed a lindwurm
  2256 | D        | Reached skill level 15 in Spellcasting
  2257 | D        | Reached XP level 11. HP: 58/58 MP: 24/32
  2264 | D        | Received a gift from Sif Muna
  2265 | D        | Got Sif Muna's Discourse on Confrontation {god gift}
  2265 | D        | Noticed Urug
  2268 | D        | Killed Urug
  2269 | D        | Reached skill level 18 in Earth Magic
  2641 | D        | Noticed a four-headed hydra
  2641 | D        | Noticed a five-headed hydra
  2646 | D        | Killed a four-headed hydra
  2647 | D        | Reached skill level 5 in Transmutations
  2649 | D        | Killed a five-headed hydra
  2673 | D        | Noticed a death drake
  2678 | D        | Killed a death drake
  2943 | D        | Noticed a kraken
  3172 | D        | Killed a kraken
  3172 | D        | Received a gift from Sif Muna
  3173 | D        | Reached skill level 19 in Earth Magic
  3173 | D        | Got Sif Muna's Folio of Excruciating Chilblains {god gift}
  3285 | D        | Noticed an alligator snapping turtle
  3303 | D        | Killed an alligator snapping turtle
  3336 | D        | Found Tofoh's Antique Armour Emporium.
  3336 | D        | Found Zomoabb's Distillery.
  3336 | D        | Found Ubbi's Jewellery Boutique.
  3593 | D        | Got a barnacled rune of Zot
  3597 | D        | Bought a potion of haste for 140 gold pieces
  3597 | D        | Bought a potion of mutation for 112 gold pieces
  3597 | D        | Bought a potion of heal wounds for 70 gold pieces
  3597 | D        | Bought a potion of brilliance for 56 gold pieces
  3597 | D        | Bought a potion of heal wounds for 70 gold pieces
  3597 | D        | Bought a potion of heal wounds for 70 gold pieces
  3597 | D        | Bought a potion of haste for 140 gold pieces
  3600 | D        | Bought a runed orb for 264 gold pieces
  3600 | D        | Bought a runed leather armour for 110 gold pieces
  3667 | D        | Received a gift from Sif Muna
  3668 | D        | Got Sif Muna's Teachings on Interference {god gift}
  3852 | D        | Received a gift from Sif Muna
  3853 | D        | Got Jenieng's Writings on Hapless Power {god gift}
  4022 | D        | Noticed Rupert
  4028 | D        | Slain by Rupert

Illustrated notes

Levels and vault maps discovered:
D:        dungeon_sprint_mu [sprint_mu_entry_cave, sprint_mu_temple_rooms,
          sprint_mu_d1_spiders, sprint_mu_d2_genie, sprint_mu_d3_branching,
          sprint_mu_orc_legion, sprint_mu_elf_gauntlet, sprint_mu_hive_nellie,
          sprint_mu_lair_fedhas, sprint_mu_vaults_butterflies,
          sprint_mu_slime_circle, sprint_mu_swamp_cave, sprint_mu_shoals_kraken,
          sprint_mu_blade_basic, sprint_mu_crypt_chambers,
          sprint_mu_tomb_spiral, sprint_mu_vestibule_basic,
          sprint_mu_gehenna_hellfire, sprint_mu_dis_giant,
          sprint_mu_tartarus_statrot, sprint_mu_cocytus_islands, sprint_mu_zot1]

Skill      XL: |  1  2  3  4  5  6  7  8  9 10 11 |
---------------+----------------------------------+-----
Earth Magic    | 7 8 9 10 13 14 15 17 19 | 19.6
Spellcasting   | 5 8 10 11 13 15 16 | 16.7
Conjurations   | 3 6 8 10 13 15 18 | 18.0
Invocations    | 5 6 8 |  8.9
Evocations     | 4 5 |  5.9
Fighting       | 1 2 |  2.5
Transmutations | 4 7 |  7.7
Dodging        | |  2.4
Stealth        | |  2.4

Action                     |  1- 3 |  4- 6 |  7- 9 | 10-12 || total
---------------------------+-------+-------+-------+-------++-------
  Melee: Long sword        |       |       |       |     2 ||     2
   Cast: Sandblast         |    11 |     4 |       |     1 ||    16
         Stone Arrow       |       |     4 |    39 |    13 ||    56
         Iron Shot         |       |       |       |    66 ||    66
         Statue Form       |       |       |       |     2 ||     2
         Lehudib's Crystal |       |       |       |     2 ||     2
 Invoke: Channel Magic     |       |       |       |     9 ||     9
  Evoke: Tin of tremorston |       |       |     3 |     3 ||     6
    Use: Potion            |       |       |     1 |     1 ||     2
         Scroll            |       |       |     1 |       ||     1
 Armour: Robe              |       |       |       |     2 ||     2
         Skin              |       |       |       |     8 ||     8
         Leather armour    |       |       |       |     3 ||     3
  Dodge: Dodged            |       |       |     2 |    20 ||    22

Table legend: (Time is in decaauts)
 A = Elapsed time spent in this place.
 B = Non-inter-level travel time spent in this place.
 C = Inter-level travel time spent in this place.
 D = Time resting spent in this place.
 E = Time spent auto-exploring this place.
 F = Levels seen in this place.
 G = Mean time per level.
                   A        B        C        D        E       F      G
               +--------+--------+--------+--------+--------+-----+--------+
         Total |   4102 |   4043 |     59 |   3208 |     15 |   1 | 4102.0 |
       Dungeon |   4102 |   4043 |     59 |   3208 |     15 |   1 | 4102.0 |
               +--------+--------+--------+--------+--------+-----+--------+

Top non-repeatable levels by time:
       D: 4102 daAuts
